 Dungeon Crawl Stone Soup version 0.30.0-29-ga12c61a403 (webtiles) character file.

Game seed: 1563170951799899

70 monsoonserge the Magician (level 4, 0/31 HPs)
             Began as a Djinni Venom Mage on June 7, 2023.
             Killed by divine providence
             ... invoked by an orc priest
              (16 damage)
             ... on level 3 of the Dungeon.
             The game lasted 00:08:44 (1667 turns).

monsoonserge the Magician (Djinni Venom Mage)       Turns: 1667, Time: 00:08:45

Health: 0/31       AC:  2    Str:  7    XL:     4   Next: 44%
Gold:   91         EV: 17    Int: 19    God:
                   SH:  0    Dex: 13

rFire   + + .        o - staff of poison
rCold   x . .        (no shield)
rNeg    . . .        a - +0 robe
rPois   ∞            (no helmet)
rElec   .            (no cloak)
rCorr   .            (no gloves)
SInv    .            (boots unavailable)
Will    .....        (no amulet)
Stlth   ++           l - +5 ring of evasion
HPRegen 0.25/turn    (no ring)
MPRegen 0.00/turn

%: infuse magic (-1 HP)
@: flying, very slightly contaminated
A: sickness immunity, fire resistance 2, cold vulnerability 1, float, innate
caster, HP casting, extra vitality 1
a: no special abilities


You were on level 3 of the Dungeon.
You visited 1 branch of the dungeon, and saw 3 of its levels.

You collected 91 gold pieces.

Inventory:

Missiles
 h - 21 stones (quivered)
Armour
 a - a +0 robe (worn)
 n - a +0 ring mail
Magical Staves
 o - a staff of poison (weapon)
Jewellery
 l - a +5 ring of evasion (left hand)
Scrolls
 b - a scroll of poison {unknown}
 c - a scroll of noise {unknown}
 d - a scroll of identify {unknown}
 i - a scroll of blinking {unknown}
 k - a scroll of immolation {unknown}
 m - a scroll of fear {unknown}
Potions
 e - 2 potions of attraction {unknown}
 f - a potion of berserk rage {unknown}
 p - a potion of might {unknown}
 q - a potion of cancellation {unknown}


   Skills:
 + Level 2.6 Dodging
 + Level 1.7 Stealth
 * Level 3.6 Spellcasting


You knew the following spells:

 Your Spells              Type           Power      Damage    Failure   Level
a - Sting                 Tmut/Pois      100%       1d8       3%          1
b - Poisonous Vapours     Pois/Air       50%        N/A       4%          2
c - Mephitic Cloud        Conj/Pois/Air  25%        N/A       10%         3
d - Olgreb's Toxic Radia  Pois           25%        N/A       32%         4
e - Slow                  Hex            68%        N/A       3%          1
Your spell library was empty.

Dungeon Overview and Level Annotations

Branches:
Dungeon (3/15)

Altars:


Innate Abilities, Weirdness & Mutations

You are immune to sickness and miasma.
You are immune to poison.
Your flesh is very heat resistant. (rF++)
You are vulnerable to cold. (rC-)
You float through the air rather than walking.
You learn spells naturally, not from books.
Your magical power is your life essence.
You have superior vitality. (+4 MHP)


Message History

Aiming: Poisonous Vapours (safe; 4% risk of failure)
Press: ? - help, Dir - move target, p - orc
Okay, then.
Casting: Poisonous Vapours (safe; 4% risk of failure)
Confirm with . or Enter, or press ? or * to list all spells.
Aiming: Poisonous Vapours (safe; 4% risk of failure)
Press: ? - help, Dir - move target, f - orc, p - orc
Aim: an orc, wielding a +0 flail and wearing a +0 leather armour You feel a surge of power!
Poisonous vapours surround the orc!
The orc is poisoned.
Casting: Poisonous Vapours (safe; 4% risk of failure)
Confirm with . or Enter, or press ? or * to list all spells.
Aiming: Sting (safe; 3% risk of failure)
Press: ? - help, Shift-Dir - straight line, f - orc, p - orc
Aim: an orc, wielding a +0 falchion (moderately wounded, very poisoned, 78% to hit)
You feel a surge of power!
You miscast Sting.
You are very lightly contaminated with residual magic.
Nothing appears to happen.
An orc priest comes into view. It is wielding a +0 flail.
Casting: Sting (safe; 3% risk of failure)
Confirm with . or Enter, or press ? or * to list all spells.
Aiming: Poisonous Vapours (safe; 4% risk of failure)
Press: ? - help, Dir - move target, f - orc priest, p - orc
Aim: an orc priest, wielding a +0 flail (wandering, hasn't noticed you)
You feel a surge of power!
Poisonous vapours surround the orc priest!
The orc priest is poisoned.
You kill the orc!
Casting: Poisonous Vapours (safe; 4% risk of failure)
Confirm with . or Enter, or press ? or * to list all spells.
Aiming: Poisonous Vapours (safe; 4% risk of failure)
Press: ? - help, Dir - move target, f/p - orc priest
Aim: an orc priest, wielding a +0 flail (poisoned)
You feel a surge of power!
Poisonous vapours surround the orc priest!
The orc priest looks even sicker.
The orc priest invokes the aid of Beogh against you.
Beogh smites you!
Ouch! That really hurt!
You die...

#.# #. #.# #. #.# #.####
#.# #....# #.###
##....########## #....
.##..............######.
.o........######........
...o).)@.)# ########.
.####...### #. #...# ..
##### .# . ##


You could see an orc priest (very poisoned) and an orc (very poisoned).

Vanquished Creatures
  An adder (D:3)
  A worm (D:2)
  2 dart slugs (D:2)
  3 orcs (D:3)
  8 ball pythons
  3 endoplasms
  A giant cockroach (D:1)
  5 goblins
  2 hobgoblins (D:1)
  5 jackals
  3 bats
  3 frilled lizards
  7 kobolds
  4 rats
48 creatures vanquished.

Notes
Turn   | Place    | Note
-------+----------+-------------------------------------------
     0 | D:1      | monsoonserge the Djinni Venom Mage began the quest for the
                  | Orb.
     0 | D:1      | monsoonserge set off with the following spells memorised:
                  | Sting, Poisonous Vapours, Mephitic Cloud, Olgreb's Toxic
                  | Radiance.
     0 | D:1      | Reached XP level 1. HP: 15/15 MP: 0/0
    81 | D:1      | Reached XP level 2. HP: 17/21 MP: 0/0
   259 | D:1      | Reached skill level 3 in Spellcasting
   332 | D:1      | Reached XP level 3. HP: 11/25 MP: 0/0
   332 | D:1      | Learned a level 1 spell: Slow
  1313 | D:2      | Reached XP level 4. HP: 29/31 MP: 0/0
  1667 | D:3      | Killed from afar by an orc priest

Illustrated notes

Levels and vault maps discovered:
D:1:      onia_arrival_pyramid, layout_loops_ring
D:2:      layout_rooms
D:3:      layout_loops_ring, dreamdust_ecumenical_altar_hidden_monk_grotto,
          serial_shops, nicolae_shop_tiny_real_fake_doors,
          kennysheep_generic_room_10

Skill      XL: |  1  2 |
---------------+-------+-----
Spellcasting   | 3 |  3.6
Dodging        | |  2.6
Stealth        | |  1.7

Action                     |  1- 3 |  4- 6 || total
---------------------------+-------+-------++-------
  Melee: Short sword       |    12 |       ||    12
         Dagger            |     2 |       ||     2
         Spear             |     3 |       ||     3
         Staff             |     2 |     2 ||     4
  Throw: Stone             |       |     5 ||     5
   Cast: Sting             |    31 |     8 ||    39
         Poisonous Vapours |    47 |    15 ||    62
   Stab: Sleeping          |     2 |     1 ||     3
 Armour: Robe              |     6 |     1 ||     7
  Dodge: Dodged            |    24 |     3 ||    27
